 Dungeon Crawl Stone Soup version 0.26-a0-639-g72c4674329 (webtiles) character file.

Game seed: 12011343226179756952

(classic levelgen) 94215 EnegeticOcto the Severer (level 15, 148/150 HPs)
             Began as a Deep Dwarf Fighter on Sept 23, 2020.
             Was the Champion of Makhleb.
             Quit the game on level 6 of the Lair of Beasts.
             The game lasted 00:12:41 (15719 turns).

EnegeticOcto the Severer (Deep Dwarf Fighter)      Turns: 15719, Time: 00:12:42

Health: 148/150    AC: 25    Str: 25    XL:     15   Next: 62%
Magic:  9/9        EV: 13    Int: 12    God:    Makhleb [******]
Gold:   1968       SH: 13    Dex: 12    Spells: 14/14 levels left

rFire    + . .     SeeInvis +   L - +0 war axe (venom)
rCold    + . .     Faith    .   x - +3 buckler "Qifiuh" {rC+}
rNeg     + . .     Spirit   .   P - +1 plate armour "Apess" {rF+ Int+2}
rPois    +         Reflect  +   l - +2 helmet
rElec    .         Harm     .   C - +0 cloak
rCorr    .         Rampage  .   M - +1 pair of gloves
MR       ++...                  z - +0 pair of boots
Stlth    ..........             i - amulet of reflection
HPRegen  0.00/turn              c - ring of see invisible
MPRegen  0.11/turn              T - ring of poison resistance

@: non-regenerating
A: damage resistance, heal wounds, negative energy resistance 1, sense
surroundings 2, no regeneration
a: Heal Wounds, Minor Destruction, Lesser Servant of Makhleb, Major Destruction,
Greater Servant of Makhleb, Renounce Religion


You were on level 6 of the Lair of Beasts.
You worshipped Makhleb.
Makhleb was exalted by your worship.
You visited 5 branches of the dungeon, and saw 25 of its levels.
You also visited: Ice Cave.

You collected 2330 gold pieces.
You spent 362 gold pieces at shops.

Inventory:

Hand Weapons
 h - the +0 war axe "Killer Bee's Death" {distort, *Rage rElec rF- Str+7}
   (You found it on level 4 of the Lair of Beasts)

   It warps and distorts space around it.
   Unwielding it can cause banishment or high damage.
   It affects your strength (+7).
   It makes you vulnerable to fire.
   It insulates you from electricity.
   It may make you go berserk in combat.
 K - the +4 hand axe "Lacran" {freeze, rElec rF++ Str-4 SInv}
   (You found it on level 10 of the Dungeon)

   It has been specially enchanted to freeze those struck by it, causing extra
   injury to most foes and up to half again as much damage against particularly
   susceptible opponents.
   It can also slow down cold-blooded creatures.
   It affects your strength (-4).
   It greatly protects you from fire.
   It insulates you from electricity.
   It lets you see invisible.
 L - a +0 war axe of venom (weapon)
Missiles
 A - a throwing net (quivered)
Armour
 l - a +2 helmet (worn)
 x - the +3 buckler "Qifiuh" (worn) {rC+}
   (You found it on level 4 of the Dungeon)

   It protects you from cold.
 z - a +0 pair of boots (worn)
 C - a +0 cloak (worn)
 M - a +1 pair of gloves (worn)
 P - the +1 plate armour "Apess" (worn) {rF+ Int+2}
   (You found it on level 12 of the Dungeon)

   It affects your intelligence (+2).
   It protects you from fire.
Jewellery
 c - a ring of see invisible (left hand)
 i - an amulet of reflection (around neck)
 s - an uncursed ring of protection from fire
 T - a ring of poison resistance (right hand)
 U - an uncursed ring of protection from cold
Wands
 n - a wand of enslavement (14)
 t - a wand of iceblast (18) {@v2}
 D - a wand of digging (9) {@v3}
 N - a wand of acid (3) {@v1}
 Q - a wand of disintegration (23)
 S - a wand of paralysis (18)
 V - a wand of polymorph (6)
Scrolls
 a - 8 scrolls of identify {@r1}
 g - 4 scrolls of enchant weapon
 j - 9 scrolls of teleportation {@r3}
 k - a scroll of enchant armour
 p - 5 scrolls of remove curse {@r2}
 q - 3 scrolls of magic mapping {@r5}
 w - 5 scrolls of fear
 B - 2 scrolls of fog
 E - 3 scrolls of immolation {@r4}
 H - 2 scrolls of holy word
Potions
 b - 3 potions of ambrosia
 d - 7 potions of might {@q3}
 e - 3 potions of haste {@q4}
 m - 10 potions of curing {@q1}
 o - 3 potions of invisibility
 r - 5 potions of stabbing {@q5}
 u - 4 potions of lignification {@q7}
 F - a potion of flight
 G - 2 potions of berserk rage
 I - 4 potions of heal wounds {@q2}
 J - 5 potions of resistance {@q6}
 O - a potion of cancellation
 R - a potion of magic


   Skills:
 * Level 13.8 Fighting
 * Level 16.2 Axes
 + Level 12.4 Armour
 + Level 11.5 Dodging
 - Level 4.9 Shields
 + Level 13.1 Invocations


You had 14 spell levels left.
You didn't know any spells.
Your spell library was empty.

Dungeon Overview and Level Annotations

Branches:
Dungeon (15/15)            Temple (1/1) D:5            Lair (6/6) D:9
 Shoals (0/4) Lair:4       Spider (1/4) Lair:2          Orc (2/2) D:9
    Elf (0/3) Orc:2        Depths (0/5) D:15          IceCv (visited)
  Slime: Lair:5-6    Vaults: D:13-14

Altars:
Ashenzari
Cheibriados
Dithmenos
Elyvilon
Fedhas
Gozag
Kikubaaqudgha
Makhleb
Nemelex Xobeh
Okawaru
Qazlal
Ru
Sif Muna
Trog
Uskayaw
Vehumet
Wu Jian
Xom
Yredelemnul
Zin
The Shining One
Beogh

Shops:
Orc:2 (!::

Annotations:
Lair:6 exclusion: oklob plant


Innate Abilities, Weirdness & Mutations

You are resistant to damage.
You can heal yourself by infusing magical energy.
You resist negative energy. (rN+)
You passively map the area around you.
You do not regenerate.


Message History

The torpor snail closely misses you. The cane toad stings you!
You hit the cane toad.
The cane toad is severely wounded.
You hit the torpor snail but do no damage.
The torpor snail looks as sick as possible!
You block the cane toad's attack. The torpor snail bites you!
You hit the torpor snail but do no damage.
The torpor snail looks as sick as possible!
The torpor snail is severely wounded.
You hit the cane toad. You block the cane toad's attack.
The torpor snail bites you but does no damage.
You slash the cane toad!
You kill the cane toad!
Makhleb accepts your kill.
You feel better.
You slash the torpor snail!
The torpor snail looks as sick as possible!
You hit the torpor snail but do no damage.
The torpor snail is almost dead.
You completely miss the manticore. You block the manticore's attack. x2
The manticore claws you.
The torpor snail bites you but does no damage.
You slash the torpor snail!
You kill the torpor snail!
Makhleb accepts your kill.
You feel better.
You slash the manticore!
The manticore is poisoned.
You feel yourself speed up. You block the manticore's attack.
The manticore claws you but does no damage. x2
You slice the manticore!!
You kill the manticore!
Makhleb accepts your kill.
You feel better.
No target in view!
No target in view!
No target in view!
No target in view!
No target in view!
No target in view!
No target in view!
No target in view!
No target in view!
No target in view!
No target in view!
No target in view!
No target in view!
No target in view!
No target in view!
No target in view!
No target in view!
No target in view!
No target in view!
No target in view!
No target in view!
Found 49 gold pieces and a runed long sword.
You see here a cane toad corpse.
You see here the Guide on Ashen Curses.
You now have 1957 gold pieces (gained 38).
You now have 1968 gold pieces (gained 11).
d - 7 potions of might {@q3} (gained 1)
You see here a cane toad corpse.
You see here a manticore corpse.
You see here a catoblepas skeleton.
You enter the shallow water.
Moving in this stuff is going to be slow.
You see here +0 acid dragon scales.
You enter the shallow water.
Moving in this stuff is going to be slow.
You enter the shallow water.
Moving in this stuff is going to be slow.
An iguana comes into view.
The iguana hisses angrily.
An acid dragon comes into view.
There are monsters nearby!
There are monsters nearby!
There are monsters nearby!
There are monsters nearby!
There are monsters nearby!
There are monsters nearby!
There are monsters nearby!
There are monsters nearby!
There are monsters nearby!
There are monsters nearby!
No reachable target in view!
No reachable target in view!
No reachable target in view!
No reachable target in view!
No reachable target in view!
No reachable target in view!
No reachable target in view!
No reachable target in view!
No reachable target in view!
No reachable target in view!
No reachable target in view!
No reachable target in view!
No reachable target in view!
No reachable target in view!
No reachable target in view!
No reachable target in view!
No reachable target in view!
Are you sure you want to abandon this character and quit the game? (Confirm with "yes".)

.......# *, ≈ * * * #......#
♣♣* ,♣♣* , ##.....# .♣ ,
l.♣♣♣ * ##P...### D♣♣
*≈♣≈≈≈≈, #.......# ..* ♣≈≈≈.
≈ ###.^...#♣ .♣♣≈≈≈ , *
.P.P.P...♣♣♣♣♣♣≈≈≈♣ ♣..
............♣♣.≈.♣♣...♣
........≈≈[≈≈≈≈.@..P.♣
....÷...≈≈♣♣.≈♣.♣P♣♣♣♣
.....P..≈♣♣♣♣♣♣♣♣♣♣
....)...P♣
........################
.#.................P.#.######
............PP...........##.#
.............##....P#.......#
##..#........#.#..####.....##


You could see an acid dragon (wandering) and an iguana.

Vanquished Creatures
  A frost giant (IceCv)
  A stone giant (Orc:1)
  An ice dragon (D:15)
  A fire dragon (D:15)
  A death knight (D:15)
  3 catoblepae
  A centaur warrior (D:13)
  2 tengu warriors (D:15)
  An ogre mage (Orc:2)
  2 two-headed ogres
  12 death yaks
  Sonja (D:11)
  5 skeletal warriors (D:15)
  2 unseen horrors
  A wolf spider zombie (D:15)
  A phantasmal warrior (D:15)
  3 wolf spiders (Spider:1)
  2 lindwurms (Lair:6)
  2 orc knights
  2 orb spiders (Spider:1)
  3 ugly things (D:15)
  2 cyclopes
  3 manticores
  An orc sorcerer (Orc:2)
  13 elephants
  2 centaur zombies
  An ice statue (IceCv)
  4 black mambas
  2 gargoyles
  2 torpor snails (Lair:6)
  A centaur skeleton (D:12)
  14 cane toads
  7 komodo dragons
  A demonic crawler (Spider:1)
  2 rime drakes (Lair:6)
  2 freezing wraiths (D:15)
  6 trolls
  2 ice devils (D:12)
  4 jumping spiders (Spider:1)
  A hornet (Spider:1)
  28 polar bears
  9 blink frogs (Lair:6)
  11 slime creatures
  7 dream sheep (Lair:6)
  A snapping turtle (Lair:4)
  11 hippogriffs
  6 redbacks
  A vampire (D:15)
  4 wyverns
  2 shadows
  3 tarantellas (Spider:1)
  5 basilisks
  64 yaks
  A wraith (D:15)
  A fire elemental (Lair:1)
  5 vampire mosquitoes
  3 wargs
  14 water moccasins
  3 acid dragons
  6 porcupines
  A swamp drake (Lair:6)
  19 orc warriors
  5 phantoms
  5 ice beasts
  A hornet zombie (D:10)
  5 sky beasts
  4 black bears
  3 necrophages
  11 ogres
  6 centaurs
  28 wolves
  10 crocodiles
  2 big kobolds
  11 bullfrogs
  2 gnoll sergeants
  A wyvern skeleton (D:11)
  2 scorpions (D:7)
  14 wights
  A troll zombie (D:9)
  An electric eel (Lair:4)
  2 howler monkeys (D:9)
  A bullfrog zombie (D:12)
  A quasit (D:8)
  5 jellies
  27 orc wizards
  4 bullfrog skeletons
  14 orc priests
  Crazy Yiuf (D:5)
  10 hounds
  2 iguanas
  17 worker ants
  7 ogre zombies (D:9)
  A hound zombie (D:8)
  A howler monkey zombie (D:7)
  11 gnolls
  8 adders
  3 shadow imps
  3 white imps
  An ufetubus (D:8)
  2 oozes
  An adder skeleton (D:7)
  An adder zombie (D:4)
  2 worms
  A dart slug (D:2)
  3 leopard geckos
  66 orcs
  A giant cockroach (D:2)
  2 jackals (D:11)
  3 quokkas
  5 bats
  4 frilled lizards
  3 goblins
  4 goblin zombies (D:9)
  2 hobgoblin skeletons (D:9)
  14 kobolds
  5 orc skeletons (D:9)
  14 orc zombies (D:9)
  A quokka skeleton (D:10)
  A quokka zombie (D:10)
  4 rats
  2 bushes (D:12)
695 creatures vanquished.

Vanquished Creatures (collateral kills)
  Jorgrun (Orc:2)
  A hydra (Lair:5)
  Nergalle (Orc:2)
  An orb spider (Spider:1)
  7 orc sorcerers (Orc:2)
  A jumping spider (Spider:1)
  An ogre (Orc:2)
  8 orc wizards (Orc:2)
  4 orcs (Orc:2)
25 creatures vanquished.

Vanquished Creatures (others)
  An ugly thing (D:12)
  A tengu conjurer (D:14)
  A wolf (IceCv)
  An orc wizard (Orc:1)
  A kobold (D:10)
  6 bushes (D:12)
  27 fungi
  23 plants
61 creatures vanquished.

Grand Total: 781 creatures vanquished

Notes
Turn   | Place    | Note
-------+----------+-------------------------------------------
     0 | D:1      | EnegeticOcto the Deep Dwarf Fighter began the quest for the
                  | Orb.
     0 | D:1      | Reached XP level 1. HP: 20/20 MP: 1/1
   116 | D:1      | Reached XP level 2. HP: 22/27 MP: 2/2
   240 | D:2      | Reached skill level 3 in Axes
   261 | D:2      | Reached XP level 3. HP: 26/34 MP: 3/3
   403 | D:3      | Noticed an ogre
   413 | D:3      | Killed an ogre
   413 | D:3      | Reached XP level 4. HP: 22/42 MP: 3/3
   423 | D:3      | Found a basalt altar of Yredelemnul.
   567 | D:3      | Reached skill level 4 in Axes
   698 | D:3      | Found an opulent altar of Gozag.
   736 | D:3      | Reached XP level 5. HP: 48/49 MP: 4/4
  1034 | D:4      | Noticed a hippogriff
  1065 | D:4      | Killed a hippogriff
  1065 | D:4      | Reached XP level 6. HP: 53/57 MP: 5/5
  1163 | D:4      | Reached skill level 5 in Axes
  1231 | D:4      | Got a slimy buckler
  1242 | D:4      | Identified the +3 buckler "Qifiuh" {rC+} (You found it on
                  | level 4 of the Dungeon)
  1492 | D:4      | Reached XP level 7. HP: 59/64 MP: 6/6
  1508 | D:4      | Reached skill level 5 in Armour
  1515 | D:4      | Reached skill level 1 in Dodging
  1765 | D:5      | Entered Level 5 of the Dungeon
  1821 | D:5      | Reached skill level 6 in Axes
  1882 | D:5      | Found a staircase to the Ecumenical Temple.
  1933 | D:5      | Identified the +3 flail "Byacvae" {venom, +Rage Str+3}
  1939 | Temple   | Entered the Ecumenical Temple
  2035 | Temple   | Became a worshipper of Makhleb the Destroyer
  2132 | D:5      | Reached skill level 1 in Invocations
  2179 | D:5      | Reached XP level 8. HP: 60/73 MP: 6/6
  2409 | D:5      | Found a glowing golden altar of the Shining One.
  2543 | D:5      | Reached skill level 5 in Fighting
  2581 | D:5      | Reached skill level 7 in Axes
  2668 | D:5      | Found a runed translucent door.
  2669 | D:5      | Noticed Crazy Yiuf
  2822 | D:5      | Killed Crazy Yiuf
  2877 | D:6      | Found a blossoming altar of Fedhas.
  3447 | D:6      | Reached * piety under Makhleb
  3678 | D:7      | Gained mutation: You passively map the area around you.
                  | [Deep Dwarf growth]
  3678 | D:7      | Reached XP level 9. HP: 50/82 MP: 9/9
  3710 | D:7      | Reached skill level 8 in Axes
  3932 | D:7      | Found a white marble altar of Elyvilon.
  3978 | D:7      | Found a stormy altar of Qazlal.
  4378 | D:8      | Reached ** piety under Makhleb
  4800 | D:9      | Found a shattered altar of Ashenzari.
  4809 | D:9      | Noticed a two-headed ogre
  4821 | D:9      | Killed a two-headed ogre
  4821 | D:9      | Reached skill level 9 in Axes
  4821 | D:9      | Reached skill level 5 in Invocations
  4871 | D:9      | Reached XP level 10. HP: 92/94 MP: 10/10
  4933 | D:9      | Reached skill level 5 in Dodging
  4963 | D:9      | Found a staircase to the Orcish Mines.
  5029 | D:9      | Reached *** piety under Makhleb
  5114 | D:9      | Found a staircase to the Lair.
  5597 | D:10     | Entered Level 10 of the Dungeon
  5716 | D:10     | Reached skill level 10 in Axes
  5873 | D:10     | Reached **** piety under Makhleb
  6559 | D:10     | Got a faintly glowing hand axe
  6560 | D:10     | Identified the +4 hand axe "Lacran" {freeze, rElec rF++
                  | Str-4 SInv} (You found it on level 10 of the Dungeon)
  6577 | D:11     | Noticed a gargoyle
  6587 | D:11     | Killed a gargoyle
  6744 | D:11     | Reached XP level 11. HP: 104/104 MP: 11/11
  6934 | D:11     | Reached skill level 11 in Axes
  7043 | D:11     | Noticed Sonja
  7077 | D:11     | Killed Sonja
  7360 | D:12     | Reached ***** piety under Makhleb
  7475 | D:12     | Killed a red ugly thing
  7568 | D:12     | Noticed an unseen horror
  7578 | D:12     | Killed an unseen horror
  7622 | D:12     | Got a smelly plate armour
  7632 | D:12     | Identified the cursed +1 plate armour "Apess" {rF+ Int+2}
                  | (You found it on level 12 of the Dungeon)
  7635 | D:12     | Found a frozen archway.
  7679 | IceCv    | Entered an ice cave
  7828 | IceCv    | Reached XP level 12. HP: 86/116 MP: 13/13
  7891 | IceCv    | Reached skill level 12 in Axes
  7910 | IceCv    | Reached skill level 10 in Fighting
  8252 | IceCv    | Noticed a frost giant
  8256 | IceCv    | Killed a frost giant
  8621 | D:12     | Reached skill level 10 in Armour
  8975 | D:12     | Reached skill level 13 in Axes
  8975 | D:12     | Reached skill level 10 in Invocations
  9179 | Orc:1    | Entered Level 1 of the Orcish Mines
  9280 | Orc:1    | Found a roughly hewn altar of Beogh.
  9361 | Orc:1    | Noticed a stone giant
  9399 | Orc:1    | Killed a stone giant
  9399 | Orc:1    | Reached XP level 13. HP: 106/127 MP: 14/14
  9413 | Orc:1    | Reached ****** piety under Makhleb
  9457 | Orc:1    | Found a roughly hewn altar of Beogh.
  9794 | Orc:2    | Entered Level 2 of the Orcish Mines
  9839 | Orc:2    | Found a staircase to the Elven Halls.
  9879 | Orc:2    | Noticed Jorgrun
  9918 | Orc:2    | Killed Jorgrun
  9960 | Orc:2    | Paralysed by an orc sorcerer for 7 turns
 10017 | Orc:2    | Found a radiant altar of Vehumet.
 10038 | Orc:2    | Found Qioxkaj's Antique Weapon Shop.
 10053 | Orc:2    | Noticed Nergalle
 10068 | Orc:2    | Killed Nergalle
 10071 | Orc:2    | Found Cesug's Book Boutique.
 10071 | Orc:2    | Found a roughly hewn altar of Beogh.
 10094 | Orc:2    | Found Zenut's Distillery.
 10134 | Orc:2    | Found an ancient bone altar of Kikubaaqudgha.
 10180 | Orc:2    | Found Lemm's Book Shop.
 10641 | Orc:2    | Bought a faintly glowing hand axe for 200 gold pieces
 10641 | Orc:2    | Bought a glowing war axe for 162 gold pieces
 10641 | Orc:2    | Identified the cursed +1 hand axe "Cauk" {flame, rElec MR+}
                  | (You bought it in a shop on level 2 of the Orcish Mines)
 10764 | Lair:1   | Entered Level 1 of the Lair of Beasts
 10985 | Lair:2   | Reached skill level 14 in Axes
 11154 | Lair:2   | Found a hole to the Spider Nest.
 12369 | Lair:4   | Gained mutation: You resist negative energy. (rN+) [Deep
                  | Dwarf growth]
 12369 | Lair:4   | Reached XP level 14. HP: 108/138 MP: 12/12
 12422 | Lair:4   | Reached skill level 10 in Dodging
 12458 | Lair:4   | Got a fine bronze ring
 12642 | Lair:4   | Found a shadowy altar of Dithmenos.
 12846 | Lair:4   | Got a bloodstained war axe
 12847 | Lair:4   | Identified the +0 war axe "Killer Bee's Death" {distort,
                  | *Rage rElec rF- Str+7} (You found it on level 4 of the Lair
                  | of Beasts)
 12920 | Lair:4   | Found a staircase to the Shoals.
 13142 | Spider:1 | Entered Level 1 of the Spider Nest
 13236 | Spider:1 | Reached skill level 15 in Axes
 13520 | D:15     | Entered Level 15 of the Dungeon
 13724 | D:15     | HP: 4/141 [death knight/+3 glaive (13)]
 13825 | D:15     | Found a staircase to the Depths.
 13983 | D:15     | Reached XP level 15. HP: 82/147 MP: 11/11
 14028 | D:15     | Identified the ring of Surprise {+Fly SInv} (You found it
                  | on level 4 of the Lair of Beasts)
 14752 | Lair:6   | Entered Level 6 of the Lair of Beasts
 15332 | Lair:6   | Reached skill level 16 in Axes
 15637 | Lair:6   | Identified the Guide on Ashen Curses
 15719 | Lair:6   | Quit the game

Illustrated notes

Levels and vault maps discovered:
D:1:      grunt_arrival_lava_bath, layout_basic
D:2:      layout_loops_ring, tgw_trog
D:3:      layout_loops_corners, grunt_gozag_statues, marbit_many_paths
D:4:      minmay_chambers_of_fours, layout_basic, grunt_decor_cap
D:5:      layout_basic, nicolae_overflow_crystal_walls, temple_statues,
          uniq_crazy_yiuf_cottage
D:6:      layout_loops_cross, old_standard_altar
D:7:      layout_loops_ring, nicolae_overflow_hidden_temple, elyvilon_altar_3,
          nicolae_qazlal_general_emergency
D:8:      layout_rooms
D:9:      layout_loops_ring, lair_entry_dummy, zombieorc2_lemuel, basic_altar
D:10:     layout_basic
D:11:     layout_basic, nrook_mini_backslash, uniq_sonja
D:12:     layout_irregular_city, portal_ice_cave_demonic_guard,
          dk_noncrumbling_2, minmay_hedge_maze
D:13:     layout_roguey, uniq_rupert
D:14:     layout_loops_ring, lightli_vaults_fourway_checkpoint, serial_shops,
          nicolae_shop_stone, minmay_unpleasant_kobolds
D:15:     grunt_enter_depths_hoard, layout_cave_pools
Temple:   minmay_temple_bridge_d
Lair:1:   layout_gridlike
Lair:2:   layout_big_grid, spider_nest_entry_rubble, beast_lair_carwin_11
Lair:3:   layout_regular_city, chequers_serial_rivers_small_3,
          cheibrodos_lair_lostbears, lemuel_fruit_tree
Lair:4:   layout_long_grid, minmay_shoals_entry_hut, basic_altar,
          grunt_megastairs_2
Lair:5:   beast_lair_carwin_large_1, layout_layer_cave,
          nicolae_slime_entry_slimehenge, st_stairs_10
Lair:6:   hangedman_lair_in_review, layout_misc_corridors,
          guppyfry_lair_end_dragon
Spider:1: spiders_nest_a
Orc:1:    layout_caves, basic_altar, lemuel_statue_altar
Orc:2:    kennysheep_orc_mage_school, layout_diamond_mine, uniq_jorgrun

Skill      XL: |  1  2  3  4  5  6  7  8  9 10 11 12 13 14 15 |
---------------+----------------------------------------------+-----
Axes           | 3 4 5 6 7 9 10 11 13 14 15 16 | 16.2
Fighting       | 3 4 6 7 8 9 11 12 13 | 13.8
Armour         | 4 5 6 7 8 9 10 11 12 | 12.4
Shields        | 4 |  4.9
Dodging        | 2 3 4 6 7 8 9 10 11 | 11.5
Invocations    | 1 3 5 7 8 10 11 12 13 | 13.1

Action                   |  1- 3 |  4- 6 |  7- 9 | 10-12 | 13-15 || total
-------------------------+-------+-------+-------+-------+-------++-------
Melee: War axe           |    75 |    94 |   405 |   797 |  1417 ||  2788
       Eveningstar       |       |       |    33 |    43 |       ||    76
       Hand axe          |       |       |       |   354 |       ||   354
Invok: Lesser Servant of |       |       |       |       |    11 ||    11
 Abil: Heal Wounds       |     2 |     4 |    11 |     9 |    34 ||    60
Evoke: Wand              |       |       |       |     2 |     6 ||     8
  Use: Scroll            |       |       |    17 |    11 |     4 ||    32
 Stab: Petrified         |       |       |       |       |    14 ||    14
       Distracted        |       |       |       |       |     1 ||     1
       Confused          |       |       |       |       |     1 ||     1
Armor: Scale mail        |    25 |    61 |       |       |       ||    86
       Chain mail        |       |     2 |   209 |     3 |       ||   214
       Plate armour      |       |       |       |   567 |   707 ||  1274
Dodge: Dodged            |    23 |    22 |   149 |   417 |   604 ||  1215
Block: Kite shield       |    37 |    71 |       |       |       ||   108
       Buckler           |       |    19 |   312 |   876 |   951 ||  2158
       Reflection        |       |       |     6 |    11 |    10 ||    27

Table legend: (Time is in decaauts)
 A = Elapsed time spent in this place.
 B = Non-inter-level travel time spent in this place.
 C = Inter-level travel time spent in this place.
 D = Time resting spent in this place.
 E = Time spent auto-exploring this place.
 F = Levels seen in this place.
 G = Mean time per level.
                   A        B        C        D        E       F      G
               +--------+--------+--------+--------+--------+-----+--------+
         Total |  15441 |  14106 |   1335 |      0 |   9521 |  26 |  593.9 |
       Dungeon |   9336 |   8533 |    803 |      0 |   5882 |  15 |  622.4 |
        Temple |    167 |     68 |     99 |      0 |     66 |   1 |  167.0 |
          Lair |   3606 |   3279 |    327 |      0 |   2333 |   6 |  601.0 |
   Spider Nest |    132 |    128 |      4 |      0 |      1 |   1 |  132.0 |
  Orcish Mines |   1499 |   1399 |    100 |      0 |    974 |   2 |  749.5 |
      Ice Cave |    698 |    698 |      0 |      0 |    264 |   1 |  698.0 |
               +--------+--------+--------+--------+--------+-----+--------+

Top non-repeatable levels by time:
    D:10: 1081 daAuts
    D:12: 1032 daAuts
     D:5: 961 daAuts
     D:9: 957 daAuts
     D:4: 910 daAuts
   Orc:2: 892 daAuts
  Lair:6: 890 daAuts
     D:7: 824 daAuts
  Lair:3: 820 daAuts
    D:11: 789 daAuts
  Lair:2: 733 daAuts
  Lair:4: 714 daAuts
   IceCv: 698 daAuts
     D:6: 656 daAuts
    D:15: 640 daAuts
